 Dungeon Sprint DCSS version 0.30-a0-845-g7c6808c8ce (webtiles) character file.

Game seed: 5062936541588124624

2863 rocky1 the Bludgeoner (level 9, -9/62 HPs)
             Began as a Gargoyle Gladiator on Mar 2, 2023.
             Was an Initiate of Gozag.
             Mangled by a tentacle (19 damage)
             ... attached to a kraken
             ... in the Dungeon (Sprint II: "The Violet Keep of Menkaure").
             The game lasted 00:05:46 (1010 turns).

rocky1 the Bludgeoner (Gargoyle Gladiator)          Turns: 1010, Time: 00:05:47

Health: -9/62      AC: 11    Str: 26    XL:     9   Next: 75%
Magic:  9/9        EV: 14    Int:  8    God:    Gozag
Gold:   821        SH:  0    Dex: 10    Spells: 8/8 levels left

rFire   + . .      SeeInvis .    f - +4 flail (heavy)
rCold   + . .      Faith    .    (no shield)
rNeg    + . .      Spirit   .    b - +0 leather armour
rPois   ∞          Reflect  .    c - +0 helmet
rElec   +          Rampage  .    (no cloak)
rCorr   .          Clarity  +    (no gloves)
Will    .....      NoTele   +    (no boots)
Stlth   +                        g - amulet of regeneration
HPRegen 1.10/turn                l - ring of protection from cold
MPRegen 0.11/turn                p - ring of protection from fire

@: gold aura, very slow
A: sickness immunity, AC +6, negative energy resistance 1, electricity
resistance, torment resistance 1, petrification resistance, clarity, strong 1
a: Renounce Religion, Potion Petition, Call Merchant, Bribe Branch


You were in the Dungeon.
You worshipped Gozag.
Gozag was pleased with you.
You visited 1 branch You collected 2385 gold pieces.
You spent 1564 gold pieces at shops.

Inventory:

Hand Weapons
 a - a +0 flail
 f - a +4 heavy flail (weapon)
Missiles
 d - 2 throwing nets (quivered)
 e - a javelin
Armour
 b - a +0 leather armour (worn)
 c - a +0 helmet (worn)
Jewellery
 g - an amulet of regeneration (around neck)
 l - a ring of protection from cold (left hand)
 p - a ring of protection from fire (right hand)
Scrolls
 k - a scroll of blinking
 n - 2 scrolls of identify
Potions
 i - 2 potions of magic
 j - a potion of lignification
 m - a potion of flight
 o - a potion of curing


   Skills:
 + Level 10.2 Fighting
 * Level 15.2 Maces & Flails
 - Level 4.8 Throwing
 + Level 6.2 Armour
 + Level 9.3 Dodging
 + Level 3.8 Stealth


You had 8 spell levels left.
You didn't know any spells.
Your spell library contained the following spells:

 Spells                   Type           Power      Damage    Failure   Level
 Vhi's Electric Charge    Tloc/Air       0%         N/A       82%         3
 Arcjolt                  Conj/Air       0%         1d10      100%        5
 Maxwell's Capacitive Co  Air            0%         ∞         100%        8


Dungeon Overview and Level Annotations

Branches:
Dungeon (1/1)

Altars:
Cheibriados
Dithmenos
Elyvilon
Fedhas
Gozag
Hepliaklqana
Kikubaaqudgha
Makhleb
Nemelex Xobeh
Okawaru
Qazlal
Ru
Sif Muna
Trog
Uskayaw
Vehumet
Wu Jian
Xom
Yredelemnul
Zin
The Shining One
Jiyva
Lugonu

Shops:
D !*::[!:*[[=:=(?

Annotations:
D exclusions: obsidian statue and oklob plant


Innate Abilities, Weirdness & Mutations

You are immune to sickness and miasma.
Your stone body is resilient. (AC +6)
You are immune to poison.
You resist negative energy. (rN+)
You are resistant to electric shocks. (rElec)
You are resistant to unholy torment.
You are immune to petrification.
You possess an exceptional clarity of mind.
Your muscles are strong. (Str +4, Int/Dex -1)


Message History

Your unstable footing causes you to fumble your attack.
The water moccasin barely misses you. x2
Your unstable footing causes you to fumble your attack.
The water moccasin closely misses you.
Your unstable footing causes you to fumble your attack.
The water moccasin bites you. x2
You sock the water moccasin!
The water moccasin is severely wounded.
The water moccasin bites you but does no damage.
Your unstable footing causes you to fumble your attack.
The water moccasin bites you.
You miss the water moccasin.
The water moccasin is severely wounded.
The water moccasin misses you. The water moccasin bites you.
You bludgeon the water moccasin!!
You kill the water moccasin!
The water moccasin bites you!
Your Maces & Flails skill increases to level 15!
You bludgeon the water moccasin!!
You kill the water moccasin!
The water moccasin is distracted by your dazzling golden aura.
Your unstable footing causes you to fumble your attack.
The water moccasin is no longer distracted by gold.
The water moccasin is distracted by your dazzling golden aura.
Your unstable footing causes you to fumble your attack.
Your unstable footing causes you to fumble your attack.
The water moccasin hisses angrily.
You bludgeon the water moccasin!!
You kill the water moccasin!
The tentacle slaps you! The tentacle slaps you!!
* * * LOW HITPOINT WARNING * * *
The tentacle slaps you!
* * * LOW HITPOINT WARNING * * *
You see here 171 gold pieces.
You bludgeon the tentacle!!
The tentacle is moderately wounded.
A tentacle segment bursts forth from the water.
The tentacle slaps you!!
You die...
Your body crumbles into a pile of gold.

#. $ ##$$+.##.
)▓)[!$:?$(▓▓ .# $
^..####▓!!?!$:$!▓▓ .##
#.^##.#▓$?[$![)?▓▓$ ..#$
+..#..#▓??![)[$)▓▓ ..#
#..#.)#▓[[!)!)$)▓▓
..####^.##.#▓$)()??$)▓▓ $
....###...##▓▓▓▓▓▓▓+▓▓▓▓
......~~~~~~~~~~@w────Xw $
§.....~#'########'###.ww $
~~~~..~#..._._._#~~~## $
$$ $
~§~~~.~#_._._._.#~§§§##
≈§§~~~~#._._._._#§~§§≈# $$
$$
≈§§≈~~~#_._._._.#~~§§§§#$
$
≈≈≈≈≈≈~#._._._..#~§~§§§+$$
$$
§≈###≈≈#_._._...#§§§~≈~#$
$ ≈≈# #≈≈#._._....#§~§§≈≈
$$ $$


You could see a kraken and 4 tentacles.

Vanquished Creatures
  A merfolk siren (D)
  A yaktaur (D)
  3 polar bears (D)
  A hornet (D)
  A blink frog (D)
  4 neqoxecs (D)
  Menkaure (D)
  4 water moccasins (D)
  4 necrophages (D)
  3 worms (D)
23 creatures vanquished.

Vanquished Creatures (others)
  4 tentacles (D)
4 creatures vanquished.

Grand Total: 27 creatures vanquished

Notes
Turn   | Place    | Note
-------+----------+-------------------------------------------
     0 | D        | rocky1 the Gargoyle Gladiator began the quest for the Orb.
     0 | D        | Reached XP level 1. HP: 12/12 MP: 1/1
     1 | D        | Noticed a necrophage
     1 | D        | Noticed a necrophage
     1 | D        | Noticed a necrophage
     1 | D        | Noticed a necrophage
     5 | D        | Killed a necrophage
     6 | D        | Reached skill level 5 in Maces & Flails
     6 | D        | Reached XP level 2. HP: 20/20 MP: 2/2
     6 | D        | Reached XP level 3. HP: 24/24 MP: 3/3
     6 | D        | Reached XP level 4. HP: 29/29 MP: 4/4
     9 | D        | Killed a necrophage
    10 | D        | Reached skill level 6 in Maces & Flails
    10 | D        | Reached skill level 5 in Dodging
    10 | D        | Reached XP level 5. HP: 33/33 MP: 5/5
    17 | D        | Reached skill level 7 in Maces & Flails
    31 | D        | Reached skill level 5 in Fighting
    31 | D        | Reached skill level 8 in Maces & Flails
    31 | D        | Reached XP level 6. HP: 32/40 MP: 6/6
    38 | D        | Noticed a water moccasin
    61 | D        | Killed a water moccasin
    62 | D        | Reached skill level 9 in Maces & Flails
    62 | D        | Reached skill level 1 in Armour
    63 | D        | Found a glowing golden altar of the Shining One.
    63 | D        | Found an ornate altar of the Wu Jian Council.
    64 | D        | Found a shimmering altar of Xom.
    64 | D        | Found a sacrificial altar of Ru.
    65 | D        | Found a basalt altar of Yredelemnul.
    65 | D        | Found a shimmering blue altar of Sif Muna.
    66 | D        | Found a glowing silver altar of Zin.
    66 | D        | Found a bloodstained altar of Trog.
    66 | D        | Found an ancient bone altar of Kikubaaqudgha.
    66 | D        | Found a stormy altar of Qazlal.
    66 | D        | Found a viscous altar of Jiyva.
    67 | D        | Found a hide-covered altar of Uskayaw.
    67 | D        | Found a corrupted altar of Lugonu.
    67 | D        | Found a shadowy altar of Dithmenos.
    68 | D        | Found a radiant altar of Vehumet.
    68 | D        | Found a burning altar of Makhleb.
    68 | D        | Found a white marble altar of Elyvilon.
    69 | D        | Found a sparkling altar of Nemelex Xobeh.
    69 | D        | Found a blossoming altar of Fedhas.
    71 | D        | Found an iron altar of Okawaru.
    71 | D        | Found an opulent altar of Gozag.
    71 | D        | Found a hazy altar of Hepliaklqana.
    71 | D        | Found a snail-covered altar of Cheibriados.
    76 | D        | Noticed a water moccasin
    76 | D        | Noticed a water moccasin
    80 | D        | Noticed a water moccasin
    82 | D        | Noticed a flying skull
    82 | D        | Noticed a flying skull
    82 | D        | Became a worshipper of Gozag Ym Sagoz the Greedy
   149 | D        | Noticed Menkaure
   150 | D        | Noticed an obsidian statue
   160 | D        | Killed Menkaure
   161 | D        | Reached XP level 7. HP: 38/47 MP: 7/7
   165 | D        | Found Liotuj's Magic Scroll Boutique.
   166 | D        | Found Divurar's Jewellery Boutique.
   166 | D        | Found Zyka's Antique Weapon Shop.
   167 | D        | Found Vesuss's Jewellery Boutique.
   167 | D        | Found Sazus's Book Shop.
   168 | D        | Found Bunkergh's Antique Armour Boutique.
   169 | D        | Found Seomimy's General Store.
   169 | D        | Found Tyrus's Antique Armour Boutique.
   170 | D        | Found Ynotasecs's Book Shop.
   170 | D        | Found Zuturo's Distillery.
   171 | D        | Noticed a death yak
   178 | D        | Noticed a blink frog
   358 | D        | Killed a blink frog
   359 | D        | Reached skill level 10 in Maces & Flails
   367 | D        | Found Tuxzeuph's Armour Boutique.
   367 | D        | Found Sahaubb's Book Shop.
   367 | D        | Noticed an oklob plant
   368 | D        | Found Pinoqoaca's Assorted Antiques.
   368 | D        | Found Seudoyd's Book Shoppe.
   368 | D        | Found Xias's Distillery.
   373 | D        | Bought a glowing flail for 162 gold pieces
   376 | D        | Noticed a wyvern
   376 | D        | Noticed a wyvern
   390 | D        | Bought a potion of berserk rage for 60 gold pieces
   394 | D        | Bought a viscous grey potion for 24 gold pieces
   394 | D        | Bought a bubbling ruby potion for 24 gold pieces
   394 | D        | Bought a pink potion for 24 gold pieces
   394 | D        | Bought 2 scrolls labelled GUYG IDORPH for 54 gold pieces
   396 | D        | Bought a potion of curing for 36 gold pieces
   433 | D        | Noticed a merfolk siren
   442 | D        | Killed a merfolk siren
   443 | D        | Reached skill level 11 in Maces & Flails
   443 | D        | Reached XP level 8. HP: 42/54 MP: 8/8
   599 | D        | Reached skill level 1 in Stealth
   607 | D        | Reached skill level 12 in Maces & Flails
   609 | D        | Gained mutation: You occasionally lose the ability to read
                  | scrolls when taking damage. [a neqoxec]
   614 | D        | Gained mutation: You are weak. (Str -2) [a neqoxec]
   805 | D        | Bought a scroll of identify for 20 gold pieces
   805 | D        | Bought a scroll of identify for 20 gold pieces
   805 | D        | Bought a scroll of identify for 20 gold pieces
   808 | D        | Lost mutation: You are weak. (Str -2) [potion of mutation]
   808 | D        | Lost mutation: You occasionally lose the ability to read
                  | scrolls when taking damage. [potion of mutation]
   808 | D        | Gained mutation: Your muscles are strong. (Str +4, Int/Dex
                  | -1) [potion of mutation]
   808 | D        | Gained mutation: You possess an exceptional clarity of
                  | mind. [potion of mutation]
   813 | D        | Bought an amulet of regeneration for 420 gold pieces
   813 | D        | Bought a ring of protection from cold for 350 gold pieces
   813 | D        | Bought a ring of protection from fire for 350 gold pieces
   822 | D        | Noticed a wyvern
   853 | D        | Noticed a yaktaur
   853 | D        | Noticed a hornet
   853 | D        | Noticed a polar bear
   853 | D        | Noticed a polar bear
   857 | D        | Killed a polar bear
   858 | D        | Reached skill level 13 in Maces & Flails
   858 | D        | Reached skill level 5 in Armour
   858 | D        | Reached XP level 9. HP: 60/60 MP: 9/9
   859 | D        | Noticed a polar bear
   862 | D        | Killed a polar bear
   865 | D        | Killed a hornet
   866 | D        | Reached skill level 14 in Maces & Flails
   872 | D        | Killed a polar bear
   877 | D        | Killed a yaktaur
   878 | D        | Reached skill level 10 in Fighting
   984 | D        | Noticed a kraken
  1004 | D        | Reached skill level 15 in Maces & Flails
  1010 | D        | Mangled by a tentacle

Illustrated notes

Levels and vault maps discovered:
D:        the_violet_keep_of_menkaure [sprint2_stairs_cluster_1,
          sprint2_shoproom, sprint2_temple, sprint2_basic_supplies,
          sprint2_obstacle_5, sprint2_obstacle_2, sprint2_obstacle_3,
          sprint2_obstacle_6, sprint2_obstacle_1, sprint2_timed_cluster_1,
          sprint2_smallroom_cluster_1, sprint2_smallroom_final_cluster_1,
          sprint2_transparent_cluster_1, sprint2_second_timed_cluster_1,
          sprint2_sniper_area_1, sprint2_heavy_combat_area_1,
          sprint2_mutation_trap_area_1, sprint2_forest_area_1,
          sprint2_light_combat_area_1, sprint2_behind_water_1,
          sprint2_near_end_vault_1]

Skill      XL: |  1  2  3  4  5  6  7  8  9 |
---------------+----------------------------+-----
Fighting       | 3 4 5 6 8 9 10 | 10.2
Maces & Flails | 5 6 8 9 11 13 15 | 15.2
Throwing       | 2 3 4 |  4.8
Dodging        | 4 5 6 7 8 9 |  9.3
Armour         | 2 4 5 6 |  6.2
Stealth        | 2 3 |  3.8

Action                     |  1- 3 |  4- 6 |  7- 9 || total
---------------------------+-------+-------+-------++-------
  Melee: Flail             |     3 |    51 |    81 ||   135
         Punch             |       |       |     2 ||     2
  Throw: Throwing net      |       |     3 |     2 ||     5
         Javelin           |       |     1 |       ||     1
    Use: Potion            |     1 |     1 |     4 ||     6
         Scroll            |       |       |     3 ||     3
   Stab: Distracted        |       |       |     2 ||     2
 Armour: Leather armour    |       |    20 |    20 ||    40
  Dodge: Dodged            |       |    37 |    41 ||    78

Table legend: (Time is in decaauts)
 A = Elapsed time spent in this place.
 B = Non-inter-level travel time spent in this place.
 C = Inter-level travel time spent in this place.
 D = Time resting spent in this place.
 E = Time spent auto-exploring this place.
 F = Levels seen in this place.
 G = Mean time per level.
                   A        B        C        D        E       F      G
               +--------+--------+--------+--------+--------+-----+--------+
         Total |   1052 |   1040 |     12 |    552 |      0 |   1 | 1052.0 |
       Dungeon |   1052 |   1040 |     12 |    552 |      0 |   1 | 1052.0 |
               +--------+--------+--------+--------+--------+-----+--------+

Top non-repeatable levels by time:
       D: 1052 daAuts
